 Dungeon Crawl Stone Soup version 0.27-a0-836-gfc908b8576 (webtiles) character file.

Game seed: 1685844339774665214

44 polve the Ruffian (level 3, -6/29 HPs)
             Began as a Draconian Transmuter on Apr 1, 2021.
             Mangled by a gnoll
             ... wielding a +6 flail
              (13 damage)
             ... on level 2 of the Dungeon.
             The game lasted 00:01:19 (1685 turns).

polve the Ruffian (Draconian Transmuter)            Turns: 1685, Time: 00:01:20

Health: -6/29      AC:  5    Str: 12    XL:     3   Next: 41%
Magic:  6/6        EV: 12    Int: 14    God:
Gold:   52         SH:  0    Dex: 11    Spells: 5/6 levels left

rFire    . . .     SeeInvis .     - Unarmed
rCold    . . .     Faith    .   (no shield)
rNeg     . . .     Spirit   .   (armour unavailable)
rPois    .         Reflect  .   (helmet restricted)
rElec    .         Harm     .   (no cloak)
rCorr    .         Rampage  .   (no gloves)
Will     .....                  (no boots)
Stlth    +.........             (no amulet)
HPRegen  0.09/turn              (no ring)
MPRegen  0.10/turn              (no ring)

@: no status effects
A: AC +5, unfitting armour, cold-blooded
a: no special abilities


You were on level 2 of the Dungeon.
You visited 1 branch of the dungeon, and saw 2 of its levels.

You collected 52 gold pieces.

Inventory:

Scrolls
 a - a scroll of immolation {unknown}
 b - a scroll of fear {unknown}
 c - a scroll of identify {unknown}
 d - a scroll of amnesia {unknown}
 e - a scroll of brand weapon {unknown}
 f - a scroll of teleportation {unknown}


   Skills:
 + Level 2.2 Fighting
 - Level 1.7 Dodging
 * Level 4.1 Unarmed Combat
 - Level 2.0 Spellcasting
 - Level 2.0 Transmutations


You had 5 spell levels left.
You knew the following spells:

 Your Spells              Type           Power      Damage    Failure   Level
a - Beastly Appendage     Tmut           14%        N/A       11%         1

Your spell library contained the following spells:

 Spells                   Type           Power      Damage    Failure   Level
 Wereblood                Tmut           7%         N/A       16%         2
 Spider Form              Tmut/Pois      2%         N/A       43%         3
 Ice Form                 Ice/Tmut       4%         N/A       83%         4
 Hydra Form               Tmut           3%         N/A       96%         5


Dungeon Overview and Level Annotations

Branches:
Dungeon (2/15)

Altars:
Kikubaaqudgha
Wu Jian


Innate Abilities, Weirdness & Mutations

Your plain brown scales are hard. (AC +5)
You cannot fit into any form of body armour.
You are cold-blooded and may be slowed by cold attacks.


Message History

There are monsters nearby!
There are monsters nearby!
There are monsters nearby!
Your horns disappear.
Your talons disappear.
Found 23 stones.
An endoplasm comes into view.
The endoplasm quivers.
You miscast Beastly Appendage.
You are very lightly contaminated with residual magic.
Nothing appears to happen.
The endoplasm completely misses you.
You grow a pair of large bovine horns.
Your feet morph into talons.
The endoplasm hits you.
You barely miss the endoplasm. You claw the endoplasm.
The endoplasm is heavily wounded.
The endoplasm freezes you.
You are frozen.
You hit the endoplasm.
You kill the endoplasm!
The gnoll hits you with a +6 flail!
You barely miss the gnoll. You claw the gnoll, but do no damage.
You headbutt the gnoll.
The gnoll is moderately wounded.
The gnoll hits you with a +6 flail.
* * * LOW HITPOINT WARNING * * *
You barely miss the gnoll.
The gnoll is moderately wounded.
The gnoll hits you with a +6 flail.
* * * LOW HITPOINT WARNING * * *
Your magical contamination has completely faded away.
You see here 23 stones.
Found a stone staircase leading up.
Your transformation is almost over.
Found a coral ring.
Your horns disappear.
Your talons disappear.
There is a stone staircase leading up here.
You see here 23 stones.
There is a stone staircase leading up here.
You see here 23 stones.
The gnoll hits you with a +6 flail!
You die...

#...........###........#.#
#........##.# ###.####.#.#
#...........#####.# #.#.#
#........##.......####.#.#
#†.......##.####.#.......#
###........##.......####...#
######...###[#.########..#
#†### #......#...........#
#### #.#
#..###..........@g.# #>##
##.## ......##.###.#.###.#
8...8 #...# ....#.##.# #.#.#
#.# ..... ##..## .#..#.##.#
#.#.###.#_....._#.....
#..#.##.# #.#..<..# ##....
#.†#.##.# #.#.##..# #..##.
....#.##.# #.#.....# ##.##.
...g#.##.# #.#####.# ..##.
....#.# #.# #.# ### #.


You could see a gnoll.

Vanquished Creatures
  A dart slug (D:1)
  4 ball pythons
  3 endoplasms
  2 giant cockroaches (D:1)
  4 goblins
  4 hobgoblins (D:1)
  8 jackals
  2 quokkas
  A bat (D:1)
  4 frilled lizards
  3 rats (D:1)
36 creatures vanquished.

Notes
Turn   | Place    | Note
-------+----------+-------------------------------------------
     0 | D:1      | polve the Draconian Transmuter began the quest for the Orb.
     0 | D:1      | Reached XP level 1. HP: 16/16 MP: 3/3
   395 | D:1      | Reached XP level 2. HP: 16/23 MP: 5/5
  1233 | D:1      | Reached XP level 3. HP: 21/29 MP: 4/6
  1488 | D:2      | Reached skill level 4 in Unarmed Combat
  1543 | D:2      | Found an ancient bone altar of Kikubaaqudgha.
  1543 | D:2      | Found an ornate altar of the Wu Jian Council.
  1685 | D:2      | Mangled by a gnoll

Illustrated notes

Levels and vault maps discovered:
D:1:      dpeg_arrival_water_temple_mockup, layout_basic, minmay_misc_feat_alley
D:2:      layout_loops_ring, nicolae_overflow_hidden_temple,
          serial_bayou_lagoon_a, minmay_tromino_v4_a, uniq_robin

Skill      XL: |  1  2  3 |
---------------+----------+-----
Fighting       | 2 |  2.2
Unarmed Combat | 4 |  4.1
Dodging        | |  1.7
Spellcasting   | |  2.0
Transmutations | |  2.0

Action                   || total
-------------------------++-------
Melee: Unarmed           ||   121
       Kick              ||    18
       Headbutt          ||    14
       Tailslap          ||     7
 Cast: Beastly Appendage ||    21
Armor: Skin              ||    26
Dodge: Dodged            ||    72

Table legend: (Time is in decaauts)
 A = Elapsed time spent in this place.
 B = Non-inter-level travel time spent in this place.
 C = Inter-level travel time spent in this place.
 D = Time resting spent in this place.
 E = Time spent auto-exploring this place.
 F = Levels seen in this place.
 G = Mean time per level.
                   A        B        C        D        E       F      G
               +--------+--------+--------+--------+--------+-----+--------+
         Total |   1676 |   1668 |      8 |      0 |   1376 |   2 |  838.0 |
       Dungeon |   1676 |   1668 |      8 |      0 |   1376 |   2 |  838.0 |
               +--------+--------+--------+--------+--------+-----+--------+

Top non-repeatable levels by time:
     D:1: 1340 daAuts
     D:2: 335 daAuts
